 Dungeon Crawl Stone Soup version 0.28-a0-1033-g1a2f33fa85 (webtiles) character file.

Game seed: 13486176780557899333

13 siradein the Skirmisher (level 2, 0/32 HPs)
             Began as an Ogre Fighter on Dec 7, 2021.
             Frozen to death by an endoplasm (2 damage)
             ... on level 1 of the Dungeon.
             The game lasted 00:01:49 (413 turns).

siradein the Skirmisher (Ogre Fighter)               Turns: 413, Time: 00:01:50

Health: 0/32       AC:  3    Str: 19    XL:     2   Next: 37%
Magic:  2/2        EV:  8    Int:  9    God:
Gold:   16         SH:  7    Dex:  8    Spells: 1/1 levels left

rFire   . . .      SeeInvis .   a - +0 flail
rCold   . . .      Faith    .   c - +0 kite shield
rNeg    . . .      Spirit   .   b - +0 robe
rPois   .          Reflect  .   (helmet restricted)
rElec   .          Harm     .   (no cloak)
rCorr   .          Rampage  .   (gloves unavailable)
Will    .....                   (boots unavailable)
Stlth   +.........              (no amulet)
HPRegen 0.10/turn               (no ring)
MPRegen 0.08/turn               (no ring)

@: no status effects
A: large, unfitting armour, tough skin 1
a: no special abilities


You were on level 1 of the Dungeon.
You visited 1 branch of the dungeon, and saw 1 of its levels.

You collected 16 gold pieces.

Inventory:

Hand Weapons
 a - a +0 flail (weapon)
Armour
 b - a +0 robe (worn)
 c - a +0 kite shield (worn)
Jewellery
 e - a ring of fire
Scrolls
 f - a scroll of torment {unknown}
Potions
 d - a potion of might


   Skills:
 + Level 4.3 Fighting
 + Level 2.0 Maces & Flails
 + Level 2.9 Dodging
 + Level 2.8 Shields


You had one spell level left.
You didn't know any spells.
Your spell library contained the following spells:

 Spells                   Type           Power      Damage    Failure   Level
 Gell's Gravitas          Tloc           0%         N/A       99%         3
 Teleport Other           Tloc           0%         N/A       99%         3
 Dispersal                Tloc           0%         N/A       100%        6


Dungeon Overview and Level Annotations

Branches:
Dungeon (1/15)

Altars:


Innate Abilities, Weirdness & Mutations

You are too large for most types of armour.
You have tough skin. (AC +1)


Message History

You are frozen.
The endoplasm freezes you.
You are frozen.
There are monsters nearby!
You hit the endoplasm.
You kill the endoplasm!
The ball python bites you but does no damage.
The endoplasm hits you.
The hobgoblin hits you but does no damage.
The ball python closely misses you. The hobgoblin hits you.
* * * LOW HITPOINT WARNING * * *
The quokka closely misses you.
You see here a hobgoblin corpse.
The ball python closely misses you. The ball python barely misses you.
A nearby plant withers and dies.
You block the ball python's attack.
You barely miss the ball python. You block the ball python's attack. x2
The ball python barely misses you.
You sock the ball python!
You kill the ball python!
The hobgoblin hits you.
* * * LOW HITPOINT WARNING * * *
You block the hobgoblin's attack.
You barely miss the quokka.
The quokka splashes around in the water.
You block the hobgoblin's attack.
The quokka splashes around in the water.
You block the quokka's attack.
You barely miss the quokka. The quokka bites you.
* * * LOW HITPOINT WARNING * * *
The quokka bites you but does no damage.
The hobgoblin closely misses you. The quokka bites you.
* * * LOW HITPOINT WARNING * * *
You block the endoplasm's attack.
You hit the endoplasm but do no damage. The endoplasm freezes you.
You are frozen.
You die...

...........###.#
#.#........# #.#
...........# #.#
..#........# #.#
...........# #.#
#.......(..# #.#
...........# #.#
#.#........###.######
..#####.........@Jg.## P.#
######♣♣♣♣♣##r.# ..##
##♣♣♣♣♣♣♣♣#.##
.P.#######≈≈P≈≈≈≈P♣)..##
≈≈†......♣♣PP≈≈PP≈≈≈♣..#
≈≈...##P≈♣≈PP≈≈≈≈≈≈....#
♣≈.....♣≈≈≈...≈........#
≈r.###.................##
..........≈..≈.....≈≈P♣≈♣##


You could see an endoplasm, a quokka and a hobgoblin.

Vanquished Creatures
  An endoplasm (D:1)
  A goblin (D:1)
  3 hobgoblins (D:1)
  3 ball pythons (D:1)
  A bat (D:1)
  2 kobolds (D:1)
  A rat (D:1)
12 creatures vanquished.

Vanquished Creatures (others)
  A plant (D:1)
1 creature vanquished.

Grand Total: 13 creatures vanquished

Notes
Turn   | Place    | Note
-------+----------+-------------------------------------------
     0 | D:1      | siradein the Ogre Fighter began the quest for the Orb.
     0 | D:1      | Reached XP level 1. HP: 24/24 MP: 1/1
   218 | D:1      | Reached XP level 2. HP: 32/32 MP: 2/2
   413 | D:1      | Frozen to death by an endoplasm

Illustrated notes

Levels and vault maps discovered:
D:1:      ncdulo_wetmaze, layout_rooms, serial_bayou, serial_bayou_lagoon_a,
          serial_bayou_pond_e, serial_bayou_ford_a, serial_bayou_pond_a,
          corexii_item_surrounded_by_moat, dk_noncrumbling_3, minmay_tromino_v2

Skill      XL: |  1  2 |
---------------+-------+-----
Maces & Flails | 2 |  2.0
Fighting       | |  4.3
Dodging        | |  2.9
Shields        | |  2.8

Action                   || total
-------------------------++-------
Melee: Flail             ||    42
Armor: Robe              ||    14
Dodge: Dodged            ||    23
Block: Kite shield       ||    30

Table legend: (Time is in decaauts)
 A = Elapsed time spent in this place.
 B = Non-inter-level travel time spent in this place.
 C = Inter-level travel time spent in this place.
 D = Time resting spent in this place.
 E = Time spent auto-exploring this place.
 F = Levels seen in this place.
 G = Mean time per level.
                   A        B        C        D        E       F      G
               +--------+--------+--------+--------+--------+-----+--------+
         Total |    441 |    441 |      0 |      0 |    293 |   1 |  441.0 |
       Dungeon |    441 |    441 |      0 |      0 |    293 |   1 |  441.0 |
               +--------+--------+--------+--------+--------+-----+--------+

Top non-repeatable levels by time:
     D:1: 441 daAuts
